ESL (28 & UNDER)
PENQUANNOCK OVERRATED JETER @ NEWARK BULLDOGS
07/19/2030
 
TOP OF THE 1ST
Penquannock Overrated Jeter batting - Pitching for Newark Bulldogs : LHP Kent Smith
Pitching: LHP Kent Smith
Batting: SHB Martin Goodwin 0-0: Called Strike
0-1: Ground out U3 (Groundball, 3S)
Batting: LHB Francisco Medina 0-0: Ball
1-0: Ball
2-0: Called Strike
2-1: Fly out, F8 (Flyball, 8RS)
Batting: RHB Gary Wyatt 0-0: Called Strike
0-1: Called Strike
0-2: Foul Ball, location: 2F
0-2: SINGLE (Groundball, 56D)
Batting: LHB Félix Costa 0-0: Called Strike
0-1: Ball
1-1: Ball
2-1: Ball
3-1: Foul Ball, location: 2F
3-2: Strikes out swinging
Top of the 1st over - 0 runs, 1 hit, 0 errors, 1 left on base; Penquannock 0 - Newark 0
BOTTOM OF THE 1ST
Newark Bulldogs batting - Pitching for Penquannock Overrated Jeter : LHP Brian Hodges
Pitching: LHP Brian Hodges
Batting: LHB Will O'Dell 0-0: SINGLE (Line Drive, 9LM)
Batting: RHB Denver Baker 0-0: Ball
1-0: Called Strike
1-1: SINGLE (Flyball, 7LS)
Will O'Dell to second
Batting: RHB Ben Kearley 0-0: Ball
1-0: Called Strike
1-1: SINGLE (Flyball, 8RS)
Will O'Dell to third
Denver Baker to second
Runner from 3rd tries for Home, SAFE, no throw
Batting: RHB José Casillán 0-0: Ball
1-0: Grounds into double play, 5-4-3 (Groundball, 5)
Denver Baker to third
Batting: RHB Toshiki Kokawa 0-0: Swinging Strike
0-1: Ground out U3 (Groundball, 34)
Bottom of the 1st over - 1 run, 3 hits, 0 errors, 1 left on base; Penquannock 0 - Newark 1
TOP OF THE 2ND
Penquannock Overrated Jeter batting - Pitching for Newark Bulldogs : LHP Kent Smith
Batting: SHB Cristián López 0-0: Ball
1-0: Called Strike
1-1: Hit by Pitch
Batting: RHB Manny Perea 0-0: Foul Ball, location: 2F
0-1: Ball
1-1: Grounds into double play, 6-4-3 (Groundball, 6D)
Batting: LHB José Morales 0-0: Ball
1-0: Foul Ball, location: 2F
1-1: Swinging Strike
1-2: Strikes out swinging
Top of the 2nd over - 0 runs, 0 hits, 0 errors, 0 left on base; Penquannock 0 - Newark 1
BOTTOM OF THE 2ND
Newark Bulldogs batting - Pitching for Penquannock Overrated Jeter : LHP Brian Hodges
Batting: RHB Álex Hernández 0-0: Ball
1-0: Ball
2-0: Ball
3-0: Foul Ball, location: 2F
3-1: Base on Balls
Batting: LHB Jorge Hernández 0-0: Called Strike
0-1: Swinging Strike
0-2: Ball
1-2: Ball
2-2: Foul Ball, location: 2F
2-2: Strikes out swinging
Batting: LHB Pablo Garza 0-0: Ball
1-0: Foul Ball, location: 2F
1-1: Ball
2-1: Called Strike
2-2: Foul Ball, location: 2F
2-2: Ball
3-2: Fly out, F7 (Line Drive, 7)
Batting: LHB Ángel Tuzzi 0-0: Called Strike
0-1: Swinging Strike
0-2: SINGLE (Groundball, 4MD)
Álex Hernández to second
Batting: LHB Will O'Dell 0-0: Ball
1-0: 3-RUN HOME RUN (Flyball, 9D), Distance : 387 ft
Batting: RHB Denver Baker 0-0: Ball
1-0: Foul Ball, location: 2F
1-1: Foul Ball, location: 2F
1-2: Foul Ball, location: 2F
1-2: Ball
2-2: Fly out, F8 (Flyball, 8RD)
Bottom of the 2nd over - 3 runs, 2 hits, 0 errors, 0 left on base; Penquannock 0 - Newark 4
TOP OF THE 3RD
Penquannock Overrated Jeter batting - Pitching for Newark Bulldogs : LHP Kent Smith
Batting: RHB Phil Wright 0-0: Called Strike
0-1: Ball
1-1: Foul Ball, location: 2F
1-2: Strikes out swinging
Batting: RHB Paul Liddle 0-0: Fly out, F8 (Flyball, 8LM)
Batting: SHB Martin Goodwin 0-0: Called Strike
0-1: Fly out, F8 (Flyball, 78M)
Top of the 3rd over - 0 runs, 0 hits, 0 errors, 0 left on base; Penquannock 0 - Newark 4
BOTTOM OF THE 3RD
Newark Bulldogs batting - Pitching for Penquannock Overrated Jeter : LHP Brian Hodges
Batting: RHB Ben Kearley 0-0: Called Strike
0-1: Ball
1-1: Foul Ball, location: 2F
1-2: Foul Ball, location: 2F
1-2: Ball
2-2: SINGLE (Flyball, 9LS)
Batting: RHB José Casillán 0-0: Called Strike
0-1: Ball
1-1: Foul Ball, location: 2F
1-2: Foul Ball, location: 2F
1-2: Ball
2-2: Strikes out looking
Batting: RHB Toshiki Kokawa 0-0: Ball
1-0: Ball
2-0: Called Strike
2-1: Ball
3-1: Base on Balls
Ben Kearley to second
Batting: RHB Álex Hernández 0-0: Ball
1-0: Foul Ball, location: 2F
1-1: Ball
2-1: Foul Ball, location: 2F
2-2: Ball
3-2: Foul Ball, location: 2F
3-2: Ground out 4-3 (Groundball, 6M)
Ben Kearley to third
Toshiki Kokawa to second
Pitching: RHP Leonard Christensen
Batting: LHB Jorge Hernández 0-0: Ball
Wild Pitch!
Ben Kearley scores
Toshiki Kokawa to third
1-0: Foul Ball, location: 2F
1-1: Ball
2-1: SINGLE (Flyball, 78S)
Toshiki Kokawa scores
Batting: LHB Pablo Garza 0-0: Ball
Jorge Hernández steals 2nd base
1-0: Ball
2-0: Called Strike
2-1: Called Strike
2-2: Fly out, F4 (Popup, 3DF)
Bottom of the 3rd over - 2 runs, 2 hits, 0 errors, 1 left on base; Penquannock 0 - Newark 6
TOP OF THE 4TH
Penquannock Overrated Jeter batting - Pitching for Newark Bulldogs : LHP Kent Smith
Batting: LHB Francisco Medina 0-0: Ball
1-0: Ball
2-0: Ball
3-0: Called Strike
3-1: Fly out, F9 (Flyball, 9D)
Batting: RHB Gary Wyatt 0-0: Ball
1-0: Called Strike
1-1: Swinging Strike
1-2: Ball
2-2: Reached on error, E6 (Groundball, 6)
Batting: LHB Félix Costa 0-0: Called Strike
0-1: Foul Ball, location: 2F
0-2: Fly out, F9 (Flyball, 89M)
Runner from 2nd tags up, SAFE at 3rd with throw
Batting: SHB Cristián López 0-0: Ball
1-0: Called Strike
1-1: Ball
2-1: SINGLE (Groundball, 6D)
Gary Wyatt scores
Batting: RHB Manny Perea 0-0: Ball
1-0: Called Strike
1-1: Ball
2-1: Foul Ball, location: 2F
2-2: Foul Ball, location: 2F
2-2: Fly out, F8 (Line Drive, 8LM)
Top of the 4th over - 1 run, 1 hit, 1 error, 1 left on base; Penquannock 1 - Newark 6
BOTTOM OF THE 4TH
Newark Bulldogs batting - Pitching for Penquannock Overrated Jeter : RHP Leonard Christensen
Batting: LHB Ángel Tuzzi 0-0: Ball
1-0: Ball
2-0: DOUBLE (Line Drive, 9LM)
Batting: LHB Will O'Dell 0-0: Ball
1-0: Ball
Ángel Tuzzi steals 3rd base
2-0: DOUBLE (Line Drive, 9LD)
Ángel Tuzzi scores
Batting: RHB Denver Baker 0-0: Ball
1-0: Called Strike
1-1: Swinging Strike
1-2: Ball
2-2: Foul Ball, location: 2F
2-2: SINGLE (Line Drive, 6MD)
Will O'Dell to third
Runner from 3rd tries for Home, SAFE, throw made home
Batting: RHB Ben Kearley 0-0: SINGLE (Groundball, 34D)
Denver Baker to second
Runner from 2nd tries for 3rd, SAFE, no throw
Batting: RHB José Casillán 0-0: Ball
1-0: DOUBLE (Flyball, 8LXD)
Denver Baker scores
Ben Kearley to third
Batting: RHB Toshiki Kokawa 0-0: Ball
1-0: Ball
2-0: Ball
3-0: Base on Balls
Batting: RHB Álex Hernández 0-0: Foul Ball, location: 2F
0-1: Ball
1-1: Ball
2-1: Foul Ball, location: 2F
2-2: Fly out, F4 (Line Drive, 4)
Batting: LHB Jorge Hernández 0-0: Called Strike
0-1: DOUBLE (Line Drive, 8LD)
Ben Kearley scores
José Casillán scores
Toshiki Kokawa to third
Runner from 3rd tries for Home, SAFE, no throw
Batting: LHB Pablo Garza 0-0: Called Strike
0-1: Ball
1-1: Ball
2-1: Foul Ball, location: 2F
2-2: SINGLE (Flyball, 8RS)
Jorge Hernández to third
Runner from 3rd tries for Home, SAFE, no throw
Batting: LHB Ángel Tuzzi 0-0: Foul Ball, location: 2F
0-1: Ground out 6-3 (Groundball, 56D)
Pablo Garza to second
Batting: LHB Will O'Dell 0-0: Ball
1-0: Called Strike
1-1: Foul Ball, location: 2F
1-2: Ball
2-2: Ball
3-2: Ground out U3 (Groundball, 34)
Bottom of the 4th over - 7 runs, 7 hits, 0 errors, 1 left on base; Penquannock 1 - Newark 13
TOP OF THE 5TH
Penquannock Overrated Jeter batting - Pitching for Newark Bulldogs : LHP Kent Smith
Batting: LHB José Morales 0-0: Foul Ball, location: 2F
0-1: Ball
1-1: Swinging Strike
1-2: Ball
2-2: SINGLE (Line Drive, 9S)
Batting: RHB Phil Wright 0-0: Called Strike
0-1: Ball
1-1: SINGLE (Line Drive, 6D)
José Morales to second
Batting: RHB Paul Liddle 0-0: 3-RUN HOME RUN (Flyball, 7D), Distance : 376 ft
Batting: SHB Martin Goodwin 0-0: Called Strike
0-1: Ball
1-1: Ball
2-1: Foul Ball, location: 2F
2-2: Ball
3-2: Base on Balls
Batting: LHB Francisco Medina 0-0: Ball
1-0: Called Strike
1-1: Ball
2-1: Ball
3-1: Grounds into double play, 4-6-3 (Groundball, 4)
Batting: RHB Gary Wyatt 0-0: Called Strike
0-1: Swinging Strike
0-2: Ball
1-2: Strikes out swinging
Top of the 5th over - 3 runs, 3 hits, 0 errors, 0 left on base; Penquannock 4 - Newark 13
BOTTOM OF THE 5TH
Newark Bulldogs batting - Pitching for Penquannock Overrated Jeter : RHP Leonard Christensen
Batting: RHB Denver Baker 0-0: Ball
1-0: Foul Ball, location: 2F
1-1: Called Strike
1-2: Ball
2-2: Ball
3-2: DOUBLE (Line Drive, 7LD)
Batting: RHB Ben Kearley 0-0: Swinging Strike
0-1: Ball
1-1: Ground out 1-3 (Groundball, 13)
Denver Baker to third
Batting: RHB José Casillán 0-0: Swinging Strike
0-1: Ball
1-1: Ball
2-1: SINGLE (Flyball, 9LS)
Denver Baker scores
Batting: RHB Toshiki Kokawa 0-0: Ball
José Casillán steals 2nd base
1-0: Ball
2-0: SINGLE (Groundball, 6D)
José Casillán to third
Runner from 3rd tries for Home, SAFE, no throw
Pitching: RHP Pete Weber
Batting: RHB Álex Hernández 0-0: Ball
1-0: Called Strike
1-1: Ball
2-1: Ball
3-1: SINGLE (Line Drive, 89S)
Toshiki Kokawa to second
Batting: LHB Jorge Hernández 0-0: Ball
1-0: Ball
2-0: Called Strike
2-1: Foul Ball, location: 2F
2-2: Foul Ball, location: 2F
2-2: Ball
3-2: Base on Balls
Toshiki Kokawa to third
Álex Hernández to second
Batting: LHB Pablo Garza 0-0: Swinging Strike
0-1: Called Strike
0-2: Ground out 6-3 (Groundball, 6MD)
Toshiki Kokawa scores
Álex Hernández to third
Jorge Hernández to second
Batting: LHB Ángel Tuzzi 0-0: Fly out, F9 (Flyball, 9)
Bottom of the 5th over - 3 runs, 4 hits, 0 errors, 2 left on base; Penquannock 4 - Newark 16
TOP OF THE 6TH
Penquannock Overrated Jeter batting - Pitching for Newark Bulldogs : LHP Kent Smith
Batting: LHB Félix Costa 0-0: Called Strike
0-1: Foul Ball, location: 2F
0-2: Strikes out swinging
Batting: SHB Cristián López 0-0: Swinging Strike
0-1: Called Strike
0-2: Strikes out looking
Batting: RHB Manny Perea 0-0: Foul Ball, location: 2F
0-1: Foul Ball, location: 2F
0-2: Ball
1-2: Ball
2-2: DOUBLE (Line Drive, 78D)
Batting: LHB José Morales 0-0: Ball
1-0: Called Strike
1-1: Ground out U3 (Groundball, 3)
Top of the 6th over - 0 runs, 1 hit, 0 errors, 1 left on base; Penquannock 4 - Newark 16
BOTTOM OF THE 6TH
Newark Bulldogs batting - Pitching for Penquannock Overrated Jeter : RHP Pete Weber
Batting: LHB Will O'Dell 0-0: Ball
1-0: Ball
2-0: Foul Ball, location: 2F
2-1: Foul Ball, location: 2F
2-2: Ball
3-2: Base on Balls
Batting: RHB Denver Baker 0-0: Called Strike
Will O'Dell steals 2nd base
0-1: Ball
1-1: Swinging Strike
1-2: Foul Ball, location: 2F
1-2: Foul Ball, location: 2F
1-2: SINGLE (Groundball, 34D)
Will O'Dell to third
Runner from 3rd tries for Home, SAFE, no throw
Batting: RHB Ben Kearley 0-0: Ball
1-0: Ball
2-0: Ball
3-0: Base on Balls
Denver Baker to second
Batting: RHB José Casillán 0-0: Ball
1-0: Ball
2-0: Ball
3-0: Base on Balls
Denver Baker to third
Ben Kearley to second
Batting: RHB Toshiki Kokawa 0-0: Ball
1-0: Called Strike
1-1: Foul Ball, location: 2F
1-2: Ball
2-2: Fly out, F9 (Flyball, 9LM)
Runner from 3rd tags up, SCORES, throw made
Batting: RHB Álex Hernández 0-0: Ball
1-0: Called Strike
1-1: Fielders Choice at 2nd, 3-6 (Groundball, 34)
Ben Kearley to third
Batting: LHB Jorge Hernández 0-0: Ball
1-0: Foul Ball, location: 2F
1-1: Ball
2-1: Swinging Strike
2-2: Ball
3-2: Base on Balls
Álex Hernández to second
Batting: LHB Pablo Garza 0-0: Ball
1-0: Swinging Strike
1-1: Ball
2-1: Ball
3-1: Base on Balls
Ben Kearley scores
Álex Hernández to third
Jorge Hernández to second
Batting: LHB Ángel Tuzzi 0-0: Swinging Strike
0-1: Foul Ball, location: 2F
0-2: Ball
1-2: Ground out 3-1 (Groundball, 34)
Bottom of the 6th over - 3 runs, 1 hit, 0 errors, 3 left on base; Penquannock 4 - Newark 19
TOP OF THE 7TH
Penquannock Overrated Jeter batting - Pitching for Newark Bulldogs : LHP Kent Smith
Batting: RHB Phil Wright 0-0: Ball
1-0: Ball
2-0: Fly out, F3 (Line Drive, 34)
Batting: RHB Paul Liddle 0-0: Ball
1-0: Ball
2-0: Called Strike
2-1: Ball
3-1: Foul Ball, location: 2F
3-2: Foul Ball, location: 2F
3-2: Strikes out swinging
Batting: SHB Martin Goodwin 0-0: Called Strike
0-1: Ball
1-1: SINGLE (Groundball, 56D)
Pitching: LHP Vicente López
Batting: LHB Francisco Medina 0-0: Ball
Balk!
Martin Goodwin to second
1-0: DOUBLE (Line Drive, 78XD)
Martin Goodwin scores
Pinch Runner at 2nd Theodore Burns:
Batting: RHB Gary Wyatt 0-0: Ball
1-0: Called Strike
1-1: Foul Ball, location: 2F
1-2: Ball
2-2: Ball
3-2: Base on Balls
Batting: LHB Félix Costa 0-0: Called Strike
0-1: SINGLE (Groundball, 34D)
Theodore Burns to third
Gary Wyatt to second
Runner from 3rd tries for Home, SAFE, no throw
Batting: SHB Cristián López 0-0: Called Strike
0-1: Ground out 4-3 (Groundball, 4S)
Top of the 7th over - 2 runs, 3 hits, 0 errors, 2 left on base; Penquannock 6 - Newark 19
BOTTOM OF THE 7TH
Newark Bulldogs batting - Pitching for Penquannock Overrated Jeter : RHP Pete Weber
Now at 3B: Theodore Burns
Batting: LHB Will O'Dell 0-0: Ball
1-0: Ball
2-0: Called Strike
2-1: Swinging Strike
2-2: Ball
3-2: Foul Ball, location: 2F
3-2: Foul Ball, location: 2F
3-2: Foul Ball, location: 2F
3-2: Base on Balls
Pitching: RHP Kelsey Scott
Batting: RHB Denver Baker 0-0: Fly out, F9 (Flyball, 9S)
Batting: RHB Ben Kearley 0-0: Ball
1-0: Ball
Will O'Dell is caught stealing 2nd base
2-0: SINGLE (Line Drive, 34)
Batting: RHB José Casillán 0-0: Called Strike
0-1: Foul Ball, location: 2F
0-2: Ball
1-2: Foul Ball, location: 2F
1-2: 2-RUN HOME RUN (Flyball, 7D), Distance : 359 ft
Batting: RHB Toshiki Kokawa 0-0: Called Strike
0-1: Called Strike
0-2: SINGLE (Line Drive, 4M)
Batting: RHB Álex Hernández 0-0: Called Strike
0-1: Ball
1-1: Ball
2-1: Ball
3-1: Called Strike
3-2: Foul Ball, location: 2F
3-2: Foul Ball, location: 2F
3-2: Foul Ball, location: 2F
3-2: Foul Ball, location: 2F
3-2: Foul Ball, location: 2F
3-2: Reached on error, E1 (Groundball, 13S)
Toshiki Kokawa to second
Batting: LHB Jorge Hernández 0-0: Foul Ball, location: 2F
0-1: Ball
1-1: Ball
2-1: Ball
3-1: Base on Balls
Toshiki Kokawa to third
Álex Hernández to second
Batting: LHB Pablo Garza 0-0: Called Strike
0-1: Swinging Strike
0-2: Strikes out swinging
Bottom of the 7th over - 2 runs, 3 hits, 1 error, 3 left on base; Penquannock 6 - Newark 21
TOP OF THE 8TH
Penquannock Overrated Jeter batting - Pitching for Newark Bulldogs : LHP Vicente López
Batting: RHB Manny Perea 0-0: Ball
1-0: Ball
2-0: Called Strike
2-1: Foul Ball, location: 2F
2-2: Ball
3-2: Foul Ball, location: 2F
3-2: Base on Balls
Batting: LHB José Morales 0-0: Swinging Strike
0-1: Called Strike
0-2: Ball
1-2: Foul Ball, location: 2F
1-2: Foul Ball, location: 2F
1-2: Foul Ball, location: 2F
1-2: Strikes out swinging
Batting: RHB Phil Wright 0-0: Swinging Strike
0-1: Swinging Strike
0-2: Foul Ball, location: 2F
0-2: Ball
1-2: Ball
2-2: Strikes out swinging
Batting: RHB Paul Liddle 0-0: Ball
1-0: SINGLE (Groundball, 6D)
Manny Perea to second
Batting: SHB Martin Goodwin 0-0: Ball
1-0: Called Strike
1-1: Called Strike
1-2: Strikes out swinging
Top of the 8th over - 0 runs, 1 hit, 0 errors, 2 left on base; Penquannock 6 - Newark 21
BOTTOM OF THE 8TH
Newark Bulldogs batting - Pitching for Penquannock Overrated Jeter : RHP Kelsey Scott
Batting: LHB Ángel Tuzzi 0-0: Ball
1-0: Ball
2-0: Ball
3-0: Called Strike
3-1: Ground out 5-3 (Groundball, 56S)
Batting: LHB Will O'Dell 0-0: Ball
1-0: Foul Ball, location: 2F
1-1: Foul Ball, location: 2F
1-2: Ball
2-2: Ball
3-2: Foul Ball, location: 2F
3-2: Foul Ball, location: 2F
3-2: SINGLE (Groundball, 4M) (infield hit)
Batting: RHB Denver Baker 0-0: Ball
1-0: Swinging Strike
1-1: Ball
2-1: Ball
3-1: Foul Ball, location: 2F
3-2: Base on Balls
Will O'Dell to second
Batting: RHB Ben Kearley 0-0: Ball
1-0: Called Strike
1-1: Ball
2-1: Ball
3-1: Foul Ball, location: 2F
3-2: Foul Ball, location: 2F
3-2: Base on Balls
Will O'Dell to third
Denver Baker to second
Batting: RHB José Casillán 0-0: Ball
1-0: Ball
2-0: Called Strike
2-1: Swinging Strike
2-2: Ball
3-2: Base on Balls
Will O'Dell scores
Denver Baker to third
Ben Kearley to second
Pitching: RHP Woody Wright
Batting: RHB Toshiki Kokawa 0-0: Swinging Strike
0-1: Ball
1-1: Swinging Strike
1-2: Strikes out swinging
Batting: RHB Álex Hernández 0-0: Ball
1-0: Ball
2-0: Swinging Strike
2-1: Foul Ball, location: 2F
2-2: Foul Ball, location: 2F
2-2: Fly out, F7 (Flyball, 78S)
Bottom of the 8th over - 1 run, 1 hit, 0 errors, 3 left on base; Penquannock 6 - Newark 22
TOP OF THE 9TH
Penquannock Overrated Jeter batting - Pitching for Newark Bulldogs : LHP Vicente López
Batting: RHB Theodore Burns 0-0: Ball
1-0: Ball
2-0: Fly out, F9 (Line Drive, 9)
Batting: RHB Gary Wyatt 0-0: Fly out, F4 (Line Drive, 4M)
Batting: LHB Félix Costa 0-0: Ball
1-0: Ball
2-0: Called Strike
2-1: Foul Ball, location: 2F
2-2: Ball
3-2: SINGLE (Groundball, 56) (infield hit)
Batting: SHB Cristián López 0-0: Ball
1-0: Fly out, F9 (Flyball, 89XD)
Top of the 9th over - 0 runs, 1 hit, 0 errors, 1 left on base; Penquannock 6 - Newark 22
Saturday, April 7th, 2018 - OOTP Baseball 18.8 Build 76